 Dungeon Crawl Stone Soup version 0.30.1-11-g7821555f0a (webtiles) character file.

Game seed: 13926400432937353005

2160 fleeber the Trooper (level 9, -5/66 HPs)
             Began as a Djinni Conjurer on Nov 18, 2023.
             Was a Follower of Makhleb.
             Hit by a large rock thrown by a cyclops (30 damage)
             ... on level 6 of the Dungeon.
             The game lasted 00:25:40 (6171 turns).

fleeber the Trooper (Djinni Conjurer)               Turns: 6171, Time: 00:25:40

Health: -5/66      AC:  4    Str:  8    XL:     9   Next: 57%
Gold:   379        EV: 14    Int: 20    God:    Makhleb [*.....] SH:  0 Dex: 14

rFire   + + .        s - +12 dagger of Karma {protect, rElec}
rCold   x . .        (no shield)
rNeg    . . .        a - +0 robe
rPois   ∞            t - +0 helmet
rElec   +            e - +0 cloak
rCorr   .            (no gloves)
SInv    .            (boots unavailable)
Will    .....        (no amulet)
Stlth   +++          (no ring)
HPRegen 0.31/turn    (no ring)
MPRegen 0.00/turn

%: infuse magic (-6 HP)
@: flying
A: sickness immunity, fire resistance 2, cold vulnerability 1, float, innate
caster, HP casting, extra vitality 1
a: Renounce Religion


You were on level 6 of the Dungeon.
You worshipped Makhleb.
Makhleb was aware of your devotion.
You visited 2 branches of the dungeon, and saw 7 of its levels.

You collected 409 gold pieces.
You spent 30 gold pieces at shops.

Inventory:

Hand Weapons
 s - the +12 dagger of Karma (weapon) {protect, rElec}
   (You found it on level 2 of the Dungeon)

   rElec:     It insulates you from electricity.
Missiles
 E - 2 throwing nets
Armour
 a - a +0 robe (worn)
 e - a +0 cloak (worn)
 f - a +0 buckler
 t - a +0 helmet (worn)
Jewellery
 o - a ring of ice
Wands
 v - a wand of roots (15)
 y - a wand of polymorph (5)
 B - a wand of flame (26)
Scrolls
 b - 6 scrolls of identify {unknown}
 d - a scroll of enchant armour {unknown}
 i - a scroll of torment {unknown}
 k - 5 scrolls of amnesia {unknown}
 l - 2 scrolls of fog {unknown}
 n - 2 scrolls of teleportation
 p - a scroll of butterflies {unknown}
 q - a scroll of acquirement {unknown}
 r - a scroll of blinking {unknown}
 x - a scroll of vulnerability {unknown}
 C - a scroll of fear {unknown}
 D - a scroll of immolation {unknown}
 G - a scroll of magic mapping {unknown}
Potions
 c - a potion of haste {unknown}
 g - a potion of berserk rage {unknown}
 h - 7 potions of curing {unknown}
 m - 3 potions of degeneration {unknown}
 u - a potion of resistance {unknown}
 w - a potion of might {unknown}
 z - a potion of mutation {unknown}
 A - a potion of magic {unknown}
 F - a potion of cancellation {unknown}


   Skills:
 * Level 5.9 Fighting
 + Level 3.3 Short Blades
 + Level 5.2 Dodging
 - Level 4.0 Stealth
 + Level 3.9 Shields
 * Level 5.7 Spellcasting


You knew the following spells:

 Your Spells              Type           Power      Damage    Failure   Level
a - Magic Dart            Conj           100%       1d8       1%          1
b - Searing Ray           Conj           56%        2d6       1%          2
c - Dazzling Flash        Conj/Hex       56%        N/A       3%          3
d - Fulminant Prism       Conj/Hex       14%        3d8       10%         4
e - Iskenderun's Mystic   Conj/Tloc      28%        2d7       10%         4
f - Sting                 Tmut/Pois      100%       1d8       1%          1
g - Ensorcelled Hibernat  Hex/Ice        56%        N/A       1%          2
h - Call Imp              Summ           56%        N/A       1%          2
i - Volatile Blastmotes   Fire/Tloc      56%        2d14      3%          3
Your spell library was empty.

Dungeon Overview and Level Annotations

Branches:
Dungeon (6/15)             Temple (1/1) D:4

Altars:
Ashenzari
Dithmenos
Elyvilon
Fedhas
Makhleb
Nemelex Xobeh
Okawaru
Ru
Trog
Uskayaw
Wu Jian
Xom
Yredelemnul
Zin
The Shining One

Shops:
D:2 ?

Annotations:
D:3 1 runed translucent door, Crazy Yiuf


Innate Abilities, Weirdness & Mutations

You are immune to sickness and miasma.
You are immune to poison.
Your flesh is very heat resistant. (rF++)
You are vulnerable to cold. (rC-)
You float through the air rather than walking.
You learn spells naturally, not from books.
Your magical power is your life essence.
You have superior vitality. (+4 MHP)


Message History

The blast of energy engulfs the cyclops!!
The cyclops is severely wounded.
Aiming: Magic Dart (safe; 1% risk of failure)
Press: ? - help, Shift-Dir - straight line, f - cyclops
Aim: a cyclops, quivering large rocks (severely wounded, 100% to hit)
The magic dart hits the cyclops.
The cyclops is severely wounded.
Aiming: Magic Dart (safe; 1% risk of failure)
Press: ? - help, Shift-Dir - straight line, f/p - cyclops
Aim: a cyclops, quivering large rocks (severely wounded, 100% to hit)
The magic dart hits the cyclops but does no damage.
The cyclops is severely wounded.
The cyclops throws a large rock.
The large rock closely misses you.
Aiming: Magic Dart (safe; 1% risk of failure)
Press: ? - help, Shift-Dir - straight line, f/p - cyclops
Aim: a cyclops, quivering large rocks (severely wounded, 100% to hit)
The magic dart hits the cyclops but does no damage.
The cyclops is severely wounded.
Aiming: Magic Dart (safe; 1% risk of failure)
Press: ? - help, Shift-Dir - straight line, f/p - cyclops
Aim: a cyclops, quivering large rocks (severely wounded, 100% to hit)
The magic dart hits the cyclops.
The cyclops is almost dead.
Aiming: Magic Dart (safe; 1% risk of failure)
Press: ? - help, Shift-Dir - straight line, f/p - cyclops
Aim: a cyclops, quivering large rocks (almost dead, 100% to hit)
The magic dart hits the cyclops.
The cyclops is almost dead.
The cyclops throws a large rock.
The large rock hits you!
Aiming: Magic Dart (safe; 1% risk of failure)
Press: ? - help, Shift-Dir - straight line, f/p - cyclops
Aim: a cyclops, quivering large rocks (almost dead, 100% to hit)
The magic dart hits the cyclops.
The cyclops is almost dead.
The cyclops throws a large rock.
The large rock hits you!!
* * * LOW HITPOINT WARNING * * *
You feel much better.
There is a stone staircase leading up here.
The cyclops throws a large rock.
The large rock hits you!!
You die...

.....##.######.......##
..# #...............#
#..###..........#
#..###...........#
#.###............# #.#
#..C..........# #.#
##.............# #.#
##..............# #..
#.@.............# ..
##..............## ..
#...............# #.#
##..............# #.#
#.............## #.#
#.............# #.#
##............# ##..#
##..........## ###..#
############


You could see a cyclops.

Vanquished Creatures
  An ugly thing (D:6)
  An ice beast (D:5)
  An orc warrior (D:5)
  A sky beast (D:5)
  A black bear (D:5)
  An ogre (D:5)
  2 kobold brigands
  2 scorpions
  4 wights
  3 jellies
  2 howler monkeys
  4 hounds
  4 sleepcaps
  4 iguanas
  An orc wizard (D:5)
  Natasha (thrice) (D:4)
  7 gnolls (D:5)
  9 adders
  A shadow imp (D:6)
  A white imp (D:6)
  2 worms (D:3)
  2 dart slugs
  4 orcs
  8 endoplasms
  2 giant cockroaches
  5 goblins
  5 hobgoblins
  5 jackals
  5 quokkas
  5 ball pythons
  5 bats
  6 frilled lizards
  16 kobolds
  6 rats
129 creatures vanquished.

Vanquished Creatures (others)
  5 fulminant prisms (D:6)
5 creatures vanquished.

Grand Total: 134 creatures vanquished

Notes
Turn   | Place    | Note
-------+----------+-------------------------------------------
     0 | D:1      | fleeber the Djinni Conjurer began the quest for the Orb.
     0 | D:1      | fleeber set off with the following spells memorised: Magic
                  | Dart, Searing Ray, Dazzling Flash, Fulminant Prism,
                  | Iskenderun's Mystic Blast.
     0 | D:1      | Reached XP level 1. HP: 15/15 MP: 0/0
   193 | D:1      | Reached XP level 2. HP: 20/22 MP: 0/0
   603 | D:1      | Reached skill level 1 in Fighting
   603 | D:1      | Reached XP level 3. HP: 16/27 MP: 0/0
   603 | D:1      | Learned a level 1 spell: Sting
   833 | D:2      | Found Puch's Magic Scroll Shop.
   846 | D:2      | Bought a scroll of teleportation for 30 gold pieces
  1026 | D:2      | Reached XP level 4. HP: 25/32 MP: 0/0
  1240 | D:2      | Reached skill level 1 in Shields
  1542 | D:2      | Identified the +12 dagger of Karma {protect, rElec}
  1648 | D:3      | Noticed a scorpion
  1656 | D:3      | Killed a scorpion
  1657 | D:3      | Reached XP level 5. HP: 36/38 MP: 0/0
  1657 | D:3      | Learned a level 2 spell: Ensorcelled Hibernation
  2098 | D:3      | Found a runed translucent door.
  2099 | D:3      | Noticed Crazy Yiuf
  2340 | D:4      | Found a staircase to the Ecumenical Temple.
  2353 | D:4      | Noticed Natasha
  2356 | D:4      | Killed Natasha
  2357 | D:4      | Reached XP level 6. HP: 39/45 MP: 0/0
  2363 | Temple   | Entered the Ecumenical Temple
  2363 | Temple   | Noticed a shadow demon
  2363 | Temple   | Noticed a ynoxinul
  2364 | Temple   | Noticed Afulyutite the pandemonium lord
  2367 | Temple   | Noticed an orange demon
  2367 | Temple   | Noticed Loric the pandemonium lord
  2405 | Temple   | Noticed a red devil
  2406 | Temple   | Noticed a shadow demon
  2407 | Temple   | Noticed Gemoriok the pandemonium lord
  2425 | Temple   | Noticed Etorull the pandemonium lord
  2438 | Temple   | Noticed Nivoeh the pandemonium lord
  2454 | Temple   | Noticed Ajitudef the pandemonium lord
  2510 | Temple   | Became a worshipper of Makhleb the Destroyer
  2531 | D:4      | Reached skill level 1 in Short Blades
  2540 | D:4      | Noticed Natasha
  2546 | D:4      | Killed Natasha
  2936 | D:4      | Reached XP level 7. HP: 48/50 MP: 0/0
  2936 | D:4      | Learned a level 2 spell: Call Imp
  3211 | D:4      | Noticed Natasha
  3243 | D:4      | Killed Natasha
  3359 | D:5      | Entered Level 5 of the Dungeon
  3539 | D:5      | Found a white marble altar of Elyvilon.
  3855 | D:5      | Found a glowing golden altar of the Shining One.
  4154 | D:5      | Reached XP level 8. HP: 54/58 MP: 0/0
  4280 | D:5      | Reached * piety under Makhleb
  4357 | D:5      | Found a blossoming altar of Fedhas.
  4588 | D:5      | Reached skill level 5 in Spellcasting
  4961 | D:6      | Reached skill level 5 in Fighting
  5062 | D:6      | Reached XP level 9. HP: 61/65 MP: 0/0
  5062 | D:6      | Learned a level 3 spell: Volatile Blastmotes
  5079 | D:6      | Found a sacrificial altar of Ru.
  5211 | D:6      | Noticed a green ugly thing
  5253 | D:6      | HP: 3/65 [green ugly thing (9)]
  5258 | D:6      | Killed a green ugly thing
  5259 | D:6      | Reached skill level 5 in Dodging
  5260 | D:6      | Noticed a komodo dragon
  5533 | D:6      | Noticed a cyclops
  5696 | D:6      | Found a glowing silver altar of Zin.
  6168 | D:6      | HP: 3/66 [cyclops/large rock (32)]
  6171 | D:6      | Hit by a large rock thrown by a cyclops

Illustrated notes

Levels and vault maps discovered:
D:1:      dpeg_arrival_arbitrary_b, layout_basic
D:2:      layout_basic, serial_shops, nicolae_square_shop
D:3:      layout_rooms, minmay_ruptured, uniq_crazy_yiuf_cottage
D:4:      layout_gridville, minmay_temple_entry_mini_moons, uniq_natasha
D:5:      layout_gridville, lemuel_doored_altar, elyvilon_altar_3,
          fedhas_ov_isle_minmay, lexackson_kobold_supper
D:6:      layout_cave_pods, mainiacjoe_overflow_tiny_flanked,
          lemuel_round_altar, kb_rosetta
Temple:   nicolae_temple_panitentiary

Skill      XL: |  1  2  3  4  5  6  7  8  9 |
---------------+----------------------------+-----
Fighting       | 1 2 3 4 5 |  5.9
Stealth        | 2 3 4 |  4.0
Shields        | 1 2 3 |  3.9
Dodging        | 3 4 5 |  5.2
Spellcasting   | 4 5 |  5.7
Short Blades   | 1 2 3 |  3.3

Action                     |  1- 3 |  4- 6 |  7- 9 || total
---------------------------+-------+-------+-------++-------
  Melee: Dagger            |     5 |    57 |    95 ||   157
         Unarmed           |       |       |     5 ||     5
         Punch             |       |       |     2 ||     2
   Cast: Magic Dart        |    63 |    57 |   198 ||   318
         Call Imp          |       |       |     6 ||     6
         Searing Ray       |       |       |     1 ||     1
         Fulminant Prism   |       |       |     5 ||     5
  Evoke: Wand              |       |       |     2 ||     2
    Use: Potion            |       |       |     2 ||     2
   Stab: Sleeping          |       |     4 |       ||     4
 Armour: Robe              |     5 |    13 |    34 ||    52
  Dodge: Dodged            |     6 |    37 |    92 ||   135
  Block: Buckler           |     1 |     3 |       ||     4
